 Dungeon Crawl Stone Soup version 0.32-a0-913-g739538a (webtiles) character file.

Game seed: 11799844583723725379

831 NahIdwin the Ruffian (level 7, -1/78 HPs)
             Began as a Grey Draconian Shapeshifter on Apr 9, 2024.
             Was an Initiate of Wu Jian.
             Slain by a +2 spectral quarterstaff (12 damage)
             ... created by Joseph
             ... on level 6 of the Dungeon.
             The game lasted 00:06:56 (2895 turns).

NahIdwin the Ruffian (Grey Draconian Shapeshifter)  Turns: 2895, Time: 00:06:57

Health: -1/78      AC: 23    Str: 16    XL:     7   Next: 65%
Magic:  7/7        EV:  2    Int: 11    God:    Wu Jian [......]
Gold:   139        SH:  0    Dex: 12    Spells: 6/6 levels left

rFire   . .          .
                       - Unarmed
rCold   + . .        (no shield)
rNeg    . . .        (body armour unavailable)
rPois   +            (helmet currently unavailable)
rElec   .            (cloak currently unavailable)
rCorr   .            (gloves currently unavailable)
SInv    .            (boots currently unavailable)
Will    .....        (no amulet)
Stlth   +            o - +5 ring of evasion
HPRegen 0.33/turn    s - ring of protection from cold
MPRegen 0.10/turn

%: no passive effects
@: tree-form
A: stationary, stasis, torment immunity, boosted hp, (mud breath),
(mud-swimmer), AC +11, (amphibious), unfitting armour, (cold-blooded)
a: Renounce Religion


You were on level 6 of the Dungeon.
You worshipped Wu Jian.
Wu Jian was noncommittal.
You were a tree.
You visited 2 branches of the dungeon, and saw 8 of its levels.

You collected 139 gold pieces.

Inventory:

Armour
 g - a +0 pair of gloves
Jewellery
 o - a +5 ring of evasion (left branch)
 s - a ring of protection from cold (right branch)
Talismans
 b - a beast talisman (active)
 c - a flux talisman
 r - a blade talisman
Wands
 p - a wand of acid (4)
Scrolls
 f - 4 scrolls of teleportation
 i - 2 scrolls of fear
 j - 2 scrolls of noise
 l - a scroll of blinking
 m - a scroll of brand weapon {unknown}
 n - a scroll of summoning {unknown}
Potions
 d - a potion of curing
 e - a potion of degeneration
 h - a potion of might {unknown}
 k - a potion of mutation {unknown}
 q - a potion of magic {unknown}


   Skills:
 - Level 1.1 Fighting
 - Level 1.7 Dodging
 + Level 6.8 Unarmed Combat
 + Level 6.3 Shapeshifting


You had 6 spell levels left.
You didn't know any spells.
Your spell library contained the following spells:

 Spells                   Type           Power      Damage    Failure   Level
 Apportation              Tloc           0%         N/A       34%         1
 Slow                     Hex            0%         N/A       34%         1
 Ensorcelled Hibernation  Hex/Ice        0%         N/A       47%         2
 Jinxbite                 Hex            0%         N/A       47%         2
 Call Canine Familiar     Summ           0%         N/A       71%         3
 Confusing Touch          Hex            0%         N/A       71%         3
 Hailstorm                Conj/Ice       0%         3d5       71%         3
 Passwall                 Erth           0%         N/A       71%         3
 Sigil of Binding         Hex            0%         N/A       71%         3
 Summon Ice Beast         Ice/Summ       0%         N/A       71%         3
 Swiftness                Air            0%         N/A       71%         3
 Vampiric Draining        Necr           0%         2d6       71%         3
 Dimensional Bullseye     Hex/Tloc       0%         N/A       98%         4
 Alistair's Intoxication  Alch           0%         N/A       100%        5
 Permafrost Eruption      Ice/Erth       0%         2x4d1     100%        6
 Sculpt Simulacrum        Ice/Alch       0%         N/A       100%        6


Dungeon Overview and Level Annotations

Branches:
Dungeon (7/15)             Temple (1/1) D:4

Altars:
Ashenzari
Cheibriados
Dithmenos
Elyvilon
Fedhas
Gozag
Hepliaklqana
Kikubaaqudgha
Makhleb
Nemelex Xobeh
Okawaru
Qazlal
Sif Muna
Uskayaw
Vehumet
Wu Jian
Xom
Yredelemnul
Zin
The Shining One

Annotations:
D:4 1 runed translucent door
D:5 Edmund
D:6 Joseph
D:7 Pikel


Innate Abilities, Weirdness & Mutations

You are a tree.
Your roots penetrate the ground, keeping you stationary.
You cannot be teleported.
You are immune to unholy pain and torment.
Your maximum health is greatly increased.
Your equipment is partially melded.
((You can breathe torrents of mud.))
((You are unimpeded by mud.))
((Your dull iron-grey scales are very hard. (AC +11)))
((You are amphibious.))
You cannot fit into any form of body armour.
((You are cold-blooded and may be slowed by cold attacks.))


Message History

Your transformation has ended.
You turn into a tree.
Your roots penetrate the ground.
Joseph hits you with a +2 spectral quarterstaff!
The +2 spectral quarterstaff hits you.
A +2 spectral quarterstaff comes into view.
You barely miss Joseph. Joseph hits you but does no damage.
The +2 spectral quarterstaff hits you.
You hit Joseph but do no damage. Joseph hits you but does no damage.
The +2 spectral quarterstaff hits you!
You hit Joseph but do no damage. Joseph hits you but does no damage.
The +2 spectral quarterstaff hits you but does no damage.
You smack Joseph!
Joseph is lightly wounded.
Joseph hits you with a +2 spectral quarterstaff.
The +2 spectral quarterstaff hits you.
You smack Joseph!
Joseph is moderately wounded.
Joseph hits you with a +2 spectral quarterstaff.
* * * LOW HITPOINT WARNING * * *
The +2 spectral quarterstaff hits you but does no damage.
You smack Joseph!
Joseph is heavily wounded.
Joseph hits you but does no damage.
The +2 spectral quarterstaff hits you but does no damage.
You smack Joseph!
Joseph is severely wounded.
You barely miss Joseph.
Joseph is severely wounded.
Joseph hits you but does no damage. The +2 spectral quarterstaff hits you.
* * * LOW HITPOINT WARNING * * *
You closely miss Joseph.
Joseph is severely wounded.
Joseph hits you but does no damage.
The +2 spectral quarterstaff hits you but does no damage.
You hit Joseph but do no damage.
Joseph is severely wounded.
Joseph hits you with a +2 spectral quarterstaff!
* * * LOW HITPOINT WARNING * * *
The +2 spectral quarterstaff hits you!
You die...

.#.##.# #...###'#....# ###......
...#... #.......#....# #........
...#....#.......#....# ##........
##.###########.##....# #...#####.
.#.# ###.....# ###.....## .#..
#.....# #.....+. .+... #.....#
#.....#. .#[..# #.@...# #...).#.
.#...# #♣(...# #.....#.
.###############.....#####.....##
..<..............######..###'#...
.................# #.......#...
...............# #.......#...
.................### ##..##'##...
...##+###'########.## #####..####
...#......#.....#...# #.....#.
...#......#.....#...# #.....#.


You could see Joseph and a +2 spectral quarterstaff (wandering).

Vanquished Creatures
  An orc warrior (D:6)
  A black bear (D:4)
  An ogre (D:6)
  2 phantoms
  An orc priest (D:5)
  A hound (D:5)
  A sleepcap (D:6)
  Jessica (D:2)
  3 iguanas
  4 orc wizards
  Ijyb (D:4)
  2 adders
  A white imp (D:6)
  2 ribbon worms (D:4)
  A dart slug (D:2)
  23 orcs
  4 ball pythons
  2 bats
  3 endoplasms
  2 giant cockroaches
  3 goblins
  4 jackals (D:1)
  4 kobolds
  2 quokkas (D:1)
  3 rats
73 creatures vanquished.

Notes
Turn   | Place    | Note
-------+----------+-------------------------------------------
     0 | D:1      | NahIdwin the Draconian Shapeshifter began the quest for the
                  | Orb.
     0 | D:1      | Reached XP level 1. HP: 16/16 MP: 1/1
    86 | D:1      | Reached XP level 2. HP: 21/23 MP: 2/2
   405 | D:2      | Noticed Jessica
   409 | D:2      | Killed Jessica
   410 | D:2      | Reached XP level 3. HP: 23/28 MP: 3/3
   562 | D:3      | Reached XP level 4. HP: 35/35 MP: 4/4
   770 | D:4      | Reached XP level 5. HP: 30/40 MP: 5/5
   928 | D:4      | Found a runed translucent door.
  1017 | D:4      | Noticed a black bear
  1031 | D:4      | Killed a black bear
  1032 | D:4      | Reached skill level 5 in Unarmed Combat
  1373 | D:4      | Found an opulent altar of Gozag.
  1467 | D:4      | Noticed Ijyb
  1472 | D:4      | Killed Ijyb
  1499 | D:4      | Reached XP level 6. HP: 45/47 MP: 6/6
  1601 | D:4      | Found a shadowy altar of Dithmenos.
  1861 | D:4      | Found a staircase to the Ecumenical Temple.
  1867 | Temple   | Entered the Ecumenical Temple
  1881 | Temple   | Became a worshipper of the Wu Jian Council
  1920 | D:5      | Entered Level 5 of the Dungeon
  1957 | D:5      | Found a shimmering altar of Xom.
  1962 | D:5      | Reached skill level 5 in Shapeshifting
  2166 | D:5      | Noticed Edmund
  2214 | D:6      | Found a blossoming altar of Fedhas.
  2215 | D:6      | Noticed an orc warrior
  2233 | D:7      | Noticed Pikel
  2297 | D:6      | Your scales start taking on a dull iron-grey colour.
  2297 | D:6      | Reached XP level 7. HP: 44/52 MP: 7/7
  2882 | D:7      | Noticed Joseph
  2895 | D:6      | Slain by a +2 spectral quarterstaff

Illustrated notes

Levels and vault maps discovered:
D:1:      dpeg_arrival_rooms_c, layout_basic
D:2:      layout_loops_ring, uniq_jessica, uniq_natasha
D:3:      layout_rooms, serial_shops, shop, uniq_sigmund
D:4:      layout_basic, mainiacjoe_overflow_surrounded_room,
          mainiacjoe_overflow_small_starburst, minmay_temple_entry_fiery,
          ebering_ghost_reflecting_pool, kennysheep_generic_room_11, uniq_ijyb
D:5:      layout_cave_pools, kennysheep_little_box, uniq_blork_the_orc,
          uniq_edmund
D:6:      layout_gridville, fedhas_altar_1, uniq_menkaure
D:7:      layout_cave_pools, hangedman_decor_push, uniq_pikel, uniq_joseph
Temple:   nicolae_temple_bog_church

Skill      XL: |  1  2  3  4  5  6  7 |
---------------+----------------------+-----
Unarmed Combat | 4 5 6 |  6.8
Shapeshifting  | 4 5 6 |  6.3
Fighting       | |  1.1
Dodging        | |  1.7

Action                     |  1- 3 |  4- 6 |  7- 9 || total
---------------------------+-------+-------+-------++-------
  Melee: Unarmed           |    58 |   140 |    54 ||   252
         Tailslap          |     9 |    14 |     6 ||    29
         Punch             |     1 |     6 |       ||     7
Ability: Lunge             |       |     5 |     5 ||    10
         Mud Breath        |       |       |     1 ||     1
    Use: Scroll            |     1 |     5 |       ||     6
         Potion            |       |       |     1 ||     1
   Stab: Sleeping          |       |     1 |       ||     1
 Armour: Skin              |    21 |    70 |    35 ||   126
  Dodge: Dodged            |    29 |    82 |    21 ||   132

Table legend: (Time is in decaauts)
 A = Elapsed time spent in this place.
 B = Non-inter-level travel time spent in this place.
 C = Inter-level travel time spent in this place.
 D = Time resting spent in this place.
 E = Time spent auto-exploring this place.
 F = Levels seen in this place.
 G = Mean time per level.
                   A        B        C        D        E       F      G
               +--------+--------+--------+--------+--------+-----+--------+
         Total |   2876 |   2740 |    136 |      5 |   2134 |   8 |  359.5 |
       Dungeon |   2844 |   2722 |    122 |      5 |   2134 |   7 |  406.3 |
        Temple |     32 |     18 |     14 |      0 |      0 |   1 |   32.0 |
               +--------+--------+--------+--------+--------+-----+--------+

Top non-repeatable levels by time:
     D:4: 1174 daAuts
     D:6: 693 daAuts
     D:1: 332 daAuts
     D:5: 252 daAuts
     D:2: 213 daAuts
     D:3: 160 daAuts
  Temple: 32 daAuts
     D:7: 18 daAuts
